 Dungeon Crawl Stone Soup version 0.29.0-15-g675c0067aa (webtiles) character file.

Game seed: 1614016056590184940

28903 qw the Severer (level 13, -5/124 HPs)
             Began as a Minotaur Berserker on Sept 12, 2022.
             Was a Believer of Trog.
             Slain by a yak (13 damage)
             ... summoned by an orange crystal statue
             ... on level 2 of the Lair of Beasts.
             The game lasted 00:07:18 (21829 turns).

qw the Severer (Minotaur Berserker)                Turns: 21829, Time: 00:07:19

Health: -5/124     AC: 27    Str: 25    XL:     13   Next: 12%
Magic:  0/12       EV: 13    Int: -90 (10)God:    Trog [**....]
Gold:   943        SH:  0    Dex: 10    Spells: 12/12 levels left

rFire   . . .      SeeInvis .   Y - +2 war axe (elec)
rCold   . . .      Faith    .   l - +2 buckler
rNeg    . . .      Spirit   .   a - +8 plate armour of Terror {Harm rPois Str-2 Int+6}
rPois   +          Reflect  .   (helmet restricted)
rElec   .          Harm     +   (no cloak)
rCorr   +          Rampage  .   n - +1 pair of gloves
Will    .....                   q - +0 pair of boots
Stlth   ..........              (no amulet)
HPRegen 0.30/turn               i - ring of resist corrosion
MPRegen 0.13/turn               h - +4 ring of evasion

@: confused, on berserk cooldown, slowed, lost intelligence, unable to read,
very slow
A: horns 2, retaliatory headbutt
a: Renounce Religion, Berserk, Trog's Hand


You were on level 2 of the Lair of Beasts.
You worshipped Trog.
Trog was pleased with you.
You visited 2 branches of the dungeon, and saw 13 of its levels.
You also visited: Sewer.

You collected 943 gold pieces.


Innate Abilities, Weirdness & Mutations

You have a pair of horns on your head.
You reflexively headbutt those who attack you in melee.


   Skills:
 - Level 14.0 Fighting
 - Level 16.0 Axes
 - Level 3.6 Throwing
 + Level 12.3 Armour
 - Level 5.8 Dodging
 - Level 9.4 Shields


You had 12 spell levels left.
You didn't know any spells.
Your spell library was empty.

Inventory:

Hand Weapons
 o - the +5 morningstar of Lecoc {vamp, +Blink rElec rF+ Dex+2}
   (You found it on level 2 of the Lair of Beasts)

   It occasionally heals its wielder for a portion of the damage dealt when it
   wounds a living foe.
   Dex:       It affects your dexterity (+2).
   rF:        It protects you from fire.
   rElec:     It insulates you from electricity.
   +Blink:    It lets you blink.
 Y - a +2 war axe of electrocution (weapon)
Missiles
 k - 3 boomerangs (quivered)
Armour
 a - the +8 plate armour of Terror (worn) {Harm rPois Str-2 Int+6}
   (You acquired it on level 11 of the Dungeon)

   Str:       It affects your strength (-2).
   Int:       It affects your intelligence (+6).
   rPois:     It protects you from poison.
   Harm:      It increases damage dealt and taken.
 l - a +2 buckler (worn)
 n - a +1 pair of gloves (worn)
 p - a +0 plate armour
 q - a +0 pair of boots (worn)
Jewellery
 d - a ring of ice
 h - a +4 ring of evasion (right hand)
 i - a ring of resist corrosion (left hand)
 m - the ring "Tyatem" {Fly rN+ Stlth+}
   (You found it on level 2 of the Lair of Beasts)

   [ring of flight]

   rN:        It protects you from negative energy.
   Fly:       It grants you flight.
   Stlth:     It makes you more stealthy.
Scrolls
 b - 5 scrolls of identify
 e - 4 scrolls of teleportation
Potions
 f - a potion of mutation
 r - a potion of might

Dungeon Overview and Level Annotations

Branches:
Dungeon (11/15)            Temple (0/1) D:7            Lair (2/5) D:11
 Shoals (0/4) Lair:2       Spider (0/4) Lair:2          Orc (0/2) D:11
  Sewer (visited)

Altars:
Ashenzari
Dithmenos
Nemelex Xobeh
Qazlal
Ru
Zin
The Shining One

Shops:
D:4 *   D:9 (


Message History

You feel yourself moving faster!
You feel mighty!
The yak bellows!
The blink frog dissolves into shadows!
The wyvern barely misses you. You furiously retaliate!
You headbutt the wyvern! The wyvern bites you.
You slice the wyvern!!
You kill the wyvern!
The wyvern's corpse dissolves into shadows!
You hit the yak.
The yak is lightly wounded.
You chop the yak into pieces!!!
You kill the yak!
The yak's corpse dissolves into shadows!
The yak bellows!
The orange crystal statue glitters.
You resist with almost no effort.
You feel a strong urge to attack something.
You slash the yak! Your headbutt misses the yak.
The yak is heavily wounded.
The yak gores you.
You hit the yak. You headbutt the yak!
The yak is almost dead.
The yak closely misses you.
You barely miss the yak.
The yak is almost dead.
The orange crystal statue glitters.
You are confused.
The komodo dragon hisses menacingly.
The yak closely misses you.
You're too confused to move!
You feel a strong urge to attack something.
You are no longer berserk.
You are exhausted.
You feel yourself slow down. The yak gores you but does no damage.
The orange crystal statue fixes its piercing gaze on you.
You feel your power leaking away. The yak gores you but does no damage.
The orange crystal statue fixes its piercing gaze on you.
Something tries to feed on your intellect!
The yak gores you!
You die...

....##.................#.#
....##........~¤~Y~.....#
.............¤~.~¤~.....#
#...........~~~.Y~~.....##
.#[........~~~.Y8S¤......#
...........~~¤l¤~~¤......#
............~¤¤~~(......##
..............¤.~Y......#
.............¤¤.@.......#
......[................##
.....................#..#
.......................##
####.................###
.77#.................#
7.7#.......<.........#
77.#.................#
77#.................#


You could see an orange crystal statue, a komodo dragon (summoned), 4 yaks and a
water moccasin (summoned).

Vanquished Creatures
  4 hydras (Lair:2)
  A centaur warrior (D:10)
  2 two-headed ogres
  2 death yaks (Lair:1)
  A deep elf pyromancer (D:10)
  An ugly thing (D:11)
  A black mamba (Lair:2)
  An elephant (Lair:2)
  2 cane toads (Lair:2)
  A kobold demonologist (D:11)
  A rime drake (Lair:2)
  A freezing wraith (D:11)
  3 komodo dragons
  A troll (D:10)
  20 blink frogs
  Grinder (D:6)
  5 slime creatures (D:10)
  2 culicivoras (Lair:2)
  6 wyverns
  A vampire (D:8)
  18 yaks
  A steam dragon (D:9)
  6 vampire mosquitoes
  7 water moccasins
  8 orc warriors
  2 ice beasts (D:6)
  A sky beast (D:8)
  2 black bears (D:11)
  A wolf (Lair:2)
  8 centaurs
  An ogre (D:4)
  2 phantoms
  A kobold brigand (D:6)
  11 bullfrogs
  Blork the orc (D:4)
  A necrophage (D:6)
  3 scorpions
  2 gnoll sergeants
  10 wights (D:6)
  3 killer bees (D:6)
  3 howler monkeys (D:10)
  5 lava snakes
  3 hounds
  3 gnoll boudas
  10 orc priests
  Ijyb (D:3)
  7 iguanas
  10 orc wizards
  A hell rat (D:8)
  A merfolk avatar (Sewer)
  2 merfolk sirens
  24 gnolls
  11 river rats
  14 adders
  A white imp (D:6)
  An ufetubus (D:6)
  2 worms
  3 dart slugs
  32 orcs
  6 endoplasms
  2 giant cockroaches
  12 goblins
  5 hobgoblins
  5 jackals (D:4)
  10 kobolds
  15 quokkas
  9 ball pythons
  A bat (D:1)
  7 frilled lizards
  43 rats
395 creatures vanquished.

Vanquished Creatures (collateral kills)
  2 hydras
  Erolcha (D:9)
  A death yak (Lair:1)
  2 cane toads
  Maggie (Lair:2)
7 creatures vanquished.

Vanquished Creatures (others)
  7 fungi
  19 plants
26 creatures vanquished.

Grand Total: 428 creatures vanquished

Notes
Turn   | Place    | Note
-------+----------+-------------------------------------------
     0 | D:1      | qw the Minotaur Berserker began the quest for the Orb.
     0 | D:1      | Reached XP level 1. HP: 19/19 MP: 0/0
     0 | D:1      | 0 ||| qw: Version: 0.1-a-119-g272c26d
     0 | D:1      | 0 ||| qw: Game counter: 10757
     0 | D:1      | 0 ||| qw: Always use a shield: true
     0 | D:1      | 0 ||| qw: Do Orc after D:15 true
     0 | D:1      | 0 ||| qw: Do second Lair branch before Depths: true
     0 | D:1      | 0 ||| qw: Lair rune preference: random
     0 | D:1      | 0 ||| qw: Plans: Normal
     0 | D:1      | 0 ||| PLANNING D:1-11
   210 | D:1      | Reached skill level 4 in Axes
   413 | D:1      | Reached XP level 2. HP: 26/26 MP: 1/1
   616 | D:1      | 616 ||| Stepping ~*~*~tactically~*~*~ (hiding).
   718 | D:1      | 718 ||| Stepping ~*~*~tactically~*~*~ (hiding).
   820 | D:1      | 820 ||| Stepping ~*~*~tactically~*~*~ (hiding).
  1405 | D:1      | Reached skill level 5 in Axes
  1512 | D:1      | 1512 ||| UPGRADING to +0 leather armour.
  1522 | D:1      | 1522 ||| DROPPING +0 animal skin.
  1523 | D:1      | 1523 ||| READING 2 scrolls labelled IJAPAA IRCHA.
  1527 | D:1      | 1527 ||| READING scroll labelled FONANI CUSO.
  1528 | D:1      | 1528 ||| READING scroll labelled HUGISI OXZA.
  1529 | D:1      | 1529 ||| READING scroll labelled DECRAI OTAENTE.
  1530 | D:1      | 1530 ||| READING scroll labelled KAEKHIENGE.
  1531 | D:1      | 1531 ||| DRINKING 2 inky potions.
  1532 | D:1      | 1532 ||| READING scroll of teleportation.
  1566 | D:2      | 1566 ||| INVOKING Berserk.
  1569 | D:2      | Reached XP level 3. HP: 31/31 MP: 2/2
  2522 | D:3      | 2522 ||| PLANNING SEWER
  2613 | D:3      | Reached XP level 4. HP: 28/39 MP: 3/3
  2613 | D:3      | Found a glowing drain.
  2616 | D:3      | Reached skill level 6 in Axes
  2616 | D:3      | Reached ** piety under Trog
  2742 | Sewer    | Entered a sewer
  2746 | Sewer    | 2746 ||| Stepping ~*~*~tactically~*~*~ (water).
  3125 | Sewer    | Reached skill level 7 in Axes
  3125 | Sewer    | Reached XP level 5. HP: 40/45 MP: 4/4
  3171 | Sewer    | 3171 ||| Stepping ~*~*~tactically~*~*~ (water).
  3190 | Sewer    | 3190 ||| Stepping ~*~*~tactically~*~*~ (water).
  3198 | Sewer    | HP: 11/46 [drowned by a drowned soul[a malarious merfolk
                  | avatar] (3)]
  3199 | Sewer    | 3199 ||| READING 2 scrolls of teleportation.
  3556 | Sewer    | 3556 ||| DROPPING potion of flight.
  3607 | D:3      | 3607 ||| PLANNING D:1-11
  3671 | D:3      | Identified the +9 falchion of Poverty {protect, rF++ rN+}
  3916 | D:3      | 3916 ||| Stepping ~*~*~tactically~*~*~ (stealth).
  3917 | D:3      | Noticed Ijyb
  3918 | D:3      | 3918 ||| Stepping ~*~*~tactically~*~*~ (stealth).
  3920 | D:3      | 3920 ||| Stepping ~*~*~tactically~*~*~ (hiding).
  3921 | D:3      | 3921 ||| Stepping ~*~*~tactically~*~*~ (hiding).
  3930 | D:3      | 3930 ||| INVOKING Berserk.
  3937 | D:3      | Killed Ijyb
  4079 | D:3      | 4079 ||| DROPPING +0 whip.
  4513 | D:3      | 4513 ||| UPGRADING to +1 leather armour of fire resistance.
  4523 | D:3      | 4523 ||| UPGRADING to +0 scale mail.
  4533 | D:3      | 4533 ||| DROPPING +0 leather armour.
  4534 | D:3      | 4534 ||| UPGRADING to ring of resist corrosion.
  4535 | D:3      | 4535 ||| READING 4 scrolls of identify.
  4535 | D:3      | 4535 ||| IDENTIFYING murky blue potion
  4536 | D:3      | 4536 ||| DROPPING potion of invisibility.
  4559 | D:4      | 4559 ||| STAIRDANCE
  4606 | D:4      | 4606 ||| Stepping ~*~*~tactically~*~*~ (stealth).
  4607 | D:4      | 4607 ||| Stepping ~*~*~tactically~*~*~ (stealth).
  4608 | D:4      | 4608 ||| Stepping ~*~*~tactically~*~*~ (stealth).
  4610 | D:4      | 4610 ||| Stepping ~*~*~tactically~*~*~ (stealth).
  4615 | D:4      | Reached *** piety under Trog
  4638 | D:4      | 4638 ||| SWAPPING to +0 war axe.
  4639 | D:4      | 4639 ||| DROPPING +1 hand axe.
  4742 | D:4      | 4742 ||| Stepping ~*~*~tactically~*~*~ (stealth).
  4765 | D:4      | Noticed an ogre
  4767 | D:4      | 4767 ||| INVOKING Berserk.
  4769 | D:4      | Killed an ogre
  4770 | D:4      | Reached skill level 8 in Axes
  4770 | D:4      | Reached XP level 6. HP: 52/52 MP: 5/5
  4908 | D:4      | Found Geacil's Elemental Accessories.
  4912 | D:4      | 4912 ||| INVOKING Berserk.
  4922 | D:4      | HP: 16/78 [phantom (4)]
  4924 | D:4      | Reached skill level 9 in Axes
  4928 | D:4      | 4928 ||| READING 2 scrolls of teleportation.
  4930 | D:4      | Reached XP level 7. HP: 14/60 MP: 6/6
  5196 | D:4      | 5196 ||| Stepping ~*~*~tactically~*~*~ (stealth).
  5342 | D:4      | Noticed Blork the orc
  5348 | D:4      | 5348 ||| INVOKING Berserk.
  5353 | D:4      | Killed Blork the orc
  5608 | D:4      | 5608 ||| Stepping ~*~*~tactically~*~*~ (stealth).
  5716 | D:4      | 5716 ||| DROPPING +1 leather armour of fire resistance.
  5717 | D:4      | 5717 ||| UPGRADING to +0 chain mail.
  5727 | D:4      | 5727 ||| DROPPING +0 scale mail.
  5728 | D:4      | 5728 ||| READING scroll labelled SEINYCS MIOTS.
  5729 | D:4      | 5729 ||| READING scroll labelled FOBLYFYTSE.
  5730 | D:4      | 5730 ||| READING scroll labelled KADYNEZ GEMAL.
  5731 | D:4      | 5731 ||| READING scroll labelled DARGHE QAIFIGUPP.
  5732 | D:4      | 5732 ||| READING 3 scrolls of identify.
  5732 | D:4      | 5732 ||| IDENTIFYING dark potion
  5733 | D:4      | 5733 ||| DROPPING potion of brilliance.
  5793 | D:5      | Entered Level 5 of the Dungeon
  5850 | D:5      | Reached skill level 3 in Armour
  5895 | D:5      | 5895 ||| INVOKING Berserk.
  5909 | D:5      | 5909 ||| Stepping ~*~*~tactically~*~*~ (stealth).
  5922 | D:5      | Reached skill level 10 in Axes
  5944 | D:5      | 5944 ||| Stepping ~*~*~tactically~*~*~ (stealth).
  5949 | D:5      | 5949 ||| INVOKING Berserk.
  5966 | D:5      | 5966 ||| Stepping ~*~*~tactically~*~*~ (stealth).
  6061 | D:5      | 6061 ||| INVOKING Berserk.
  6313 | D:5      | Reached skill level 6 in Fighting
  6462 | D:5      | Reached XP level 8. HP: 57/70 MP: 7/7
  6914 | D:5      | Found a sparkling altar of Nemelex Xobeh.
  7006 | D:5      | Reached skill level 11 in Axes
  7220 | D:5      | 7220 ||| UPGRADING to +0 buckler.
  7225 | D:5      | 7225 ||| READING scroll labelled LAYDULO WOSI.
  7226 | D:5      | 7226 ||| READING 2 scrolls of identify.
  7226 | D:5      | 7226 ||| IDENTIFYING sapphire potion
  7227 | D:5      | 7227 ||| DROPPING potion of lignification.
  7256 | D:6      | Reached skill level 1 in Shields
  7458 | D:6      | Reached **** piety under Trog
  7459 | D:6      | Reached skill level 3 in Shields
  7538 | D:6      | 7538 ||| Stepping ~*~*~tactically~*~*~ (hiding).
  7582 | D:6      | 7582 ||| FLEEEEING.
  7707 | D:6      | 7707 ||| Stepping ~*~*~tactically~*~*~ (stealth).
  7710 | D:6      | 7710 ||| Stepping ~*~*~tactically~*~*~ (stealth).
  7711 | D:6      | 7711 ||| Stepping ~*~*~tactically~*~*~ (stealth).
  7729 | D:6      | 7729 ||| DROPPING +0 flail.
  7735 | D:6      | 7735 ||| Stepping ~*~*~tactically~*~*~ (stealth).
  7739 | D:6      | 7739 ||| Stepping ~*~*~tactically~*~*~ (stealth).
  7747 | D:6      | 7747 ||| INVOKING Berserk.
  7750 | D:6      | Reached skill level 12 in Axes
  8016 | D:6      | Noticed Grinder
  8017 | D:6      | 8017 ||| INVOKING Trog's Hand.
  8021 | D:6      | 8021 ||| INVOKING Berserk.
  8028 | D:6      | Killed Grinder
  8031 | D:6      | Reached XP level 9. HP: 75/75 MP: 8/8
  8210 | D:6      | 8210 ||| Stepping ~*~*~tactically~*~*~ (stealth).
  8217 | D:6      | 8217 ||| Stepping ~*~*~tactically~*~*~ (hiding).
  8245 | D:6      | 8245 ||| Stepping ~*~*~tactically~*~*~ (stealth).
  8406 | D:6      | 8406 ||| Stepping ~*~*~tactically~*~*~ (hiding).
  8770 | D:6      | 8770 ||| Stepping ~*~*~tactically~*~*~ (stealth).
  8771 | D:6      | 8771 ||| Stepping ~*~*~tactically~*~*~ (stealth).
  8774 | D:6      | 8774 ||| Stepping ~*~*~tactically~*~*~ (stealth).
  8775 | D:6      | 8775 ||| Stepping ~*~*~tactically~*~*~ (stealth).
  8776 | D:6      | 8776 ||| Stepping ~*~*~tactically~*~*~ (stealth).
  8801 | D:6      | 8801 ||| INVOKING Berserk.
  9062 | D:6      | Reached skill level 13 in Axes
  9283 | D:6      | 9283 ||| UPGRADING to +4 ring of evasion.
  9284 | D:6      | 9284 ||| READING 3 scrolls of identify.
  9284 | D:6      | 9284 ||| IDENTIFYING clear potion
  9350 | D:7      | 9350 ||| FLEEEEING.
  9351 | D:7      | 9351 ||| FLEEEEING.
  9354 | D:7      | 9354 ||| STAIRDANCE
  9401 | D:7      | 9401 ||| STAIRDANCE
  9442 | D:7      | Found a flagged portal.
  9543 | D:7      | 9543 ||| INVOKING Berserk.
  9548 | D:7      | Reached skill level 1 in Throwing
  9686 | D:7      | 9686 ||| Stepping ~*~*~tactically~*~*~ (stealth).
  9688 | D:7      | 9688 ||| Stepping ~*~*~tactically~*~*~ (hiding).
  9693 | D:7      | 9693 ||| INVOKING Berserk.
  9705 | D:7      | 9705 ||| DRINKING 4 potions of curing.
  9705 | D:7      | 9705 ||| (to cure confusion)
  9951 | D:7      | You fall into a shaft and drop 3 floors!
  9951 | D:10     | Entered Level 10 of the Dungeon
  9952 | D:10     | 9952 ||| READING 2 scrolls of identify.
  9952 | D:10     | 9952 ||| IDENTIFYING smoky coppery potion
  9953 | D:10     | 9953 ||| DROPPING potion of ambrosia.
 10001 | D:9      | Reached skill level 14 in Axes
 10095 | D:8      | 10095 ||| INVOKING Berserk.
 10099 | D:8      | Reached XP level 10. HP: 82/88 MP: 9/9
 10520 | D:7      | 10520 ||| Stepping ~*~*~tactically~*~*~ (hiding).
 10523 | D:7      | 10523 ||| Stepping ~*~*~tactically~*~*~ (hiding).
 10524 | D:7      | 10524 ||| Stepping ~*~*~tactically~*~*~ (hiding).
 10528 | D:7      | 10528 ||| INVOKING Berserk.
 10718 | D:7      | 10718 ||| Stepping ~*~*~tactically~*~*~ (stealth).
 10723 | D:7      | Reached skill level 3 in Dodging
 10730 | D:7      | 10730 ||| Stepping ~*~*~tactically~*~*~ (hiding).
 10731 | D:7      | 10731 ||| Stepping ~*~*~tactically~*~*~ (hiding).
 10740 | D:7      | 10740 ||| Stepping ~*~*~tactically~*~*~ (stealth).
 10760 | D:7      | 10760 ||| Stepping ~*~*~tactically~*~*~ (stealth).
 10762 | D:7      | 10762 ||| Stepping ~*~*~tactically~*~*~ (stealth).
 10785 | D:7      | 10785 ||| Stepping ~*~*~tactically~*~*~ (hiding).
 10900 | D:7      | 10900 ||| Stepping ~*~*~tactically~*~*~ (stealth).
 10904 | D:7      | Found a staircase to the Ecumenical Temple.
 11139 | D:7      | 11139 ||| READING 2 scrolls of identify.
 11139 | D:7      | 11139 ||| IDENTIFYING smoky puce potion
 11140 | D:7      | 11140 ||| DROPPING potion of attraction.
 11273 | D:8      | Noticed a two-headed ogre
 11274 | D:8      | 11274 ||| Stepping ~*~*~tactically~*~*~ (stealth).
 11278 | D:8      | Found a sacrificial altar of Ru.
 11286 | D:8      | 11286 ||| INVOKING Berserk.
 11289 | D:8      | Killed a two-headed ogre
 11290 | D:8      | Reached skill level 3 in Throwing
 11537 | D:8      | 11537 ||| Stepping ~*~*~tactically~*~*~ (stealth).
 11724 | D:8      | Found a glowing silver altar of Zin.
 11827 | D:8      | 11827 ||| Stepping ~*~*~tactically~*~*~ (stealth).
 11834 | D:8      | 11834 ||| Stepping ~*~*~tactically~*~*~ (stealth).
 11855 | D:8      | Reached ***** piety under Trog
 11932 | D:8      | 11932 ||| Stepping ~*~*~tactically~*~*~ (hiding).
 11944 | D:8      | 11944 ||| INVOKING Berserk.
 12236 | D:8      | Reached skill level 15 in Axes
 12329 | D:8      | 12329 ||| READING 2 scrolls of identify.
 12329 | D:8      | 12329 ||| IDENTIFYING fuming coppery potion
 12330 | D:8      | 12330 ||| DROPPING potion of magic.
 12358 | D:9      | 12358 ||| STAIRDANCE
 12440 | D:9      | 12440 ||| STAIRDANCE
 12456 | D:9      | 12456 ||| STAIRDANCE
 12941 | D:9      | Found Secaz's Antique Weapon Shop.
 12949 | D:9      | 12949 ||| UPGRADING to +2 buckler.
 12959 | D:9      | 12959 ||| DROPPING +0 buckler.
 12987 | D:9      | Noticed a two-headed ogre
 12989 | D:9      | 12989 ||| INVOKING Berserk.
 12993 | D:9      | Killed a two-headed ogre
 12994 | D:9      | Reached skill level 9 in Fighting
 13116 | D:9      | Noticed Erolcha
 13117 | D:9      | 13117 ||| INVOKING Trog's Hand.
 13118 | D:9      | 13118 ||| INVOKING Brothers in Arms.
 13121 | D:9      | 13121 ||| INVOKING Berserk.
 13121 | D:9      | Killed Erolcha
 13471 | D:9      | 13471 ||| INVOKING Berserk.
 13585 | D:9      | 13585 ||| UPGRADING to +0 pair of gloves.
 13818 | D:10     | 13818 ||| Stepping ~*~*~tactically~*~*~ (stealth).
 13820 | D:10     | 13820 ||| Stepping ~*~*~tactically~*~*~ (stealth).
 13835 | D:10     | Reached skill level 6 in Armour
 13835 | D:10     | Reached XP level 11. HP: 99/99 MP: 10/10
 14102 | D:10     | Found a glowing golden altar of the Shining One.
 14183 | D:10     | Found a broken altar of Ashenzari.
 14188 | D:10     | Identified the ring of Fail {*Slow MP+9 Str+2 Int+7}
 14200 | D:10     | 14200 ||| INVOKING Berserk.
 14203 | D:10     | Reached skill level 16 in Axes
 14369 | D:10     | Noticed a centaur warrior
 14376 | D:10     | 14376 ||| INVOKING Berserk.
 14381 | D:10     | Killed a centaur warrior
 14382 | D:10     | Reached skill level 6 in Shields
 14578 | D:10     | Noticed a deep elf pyromancer
 14585 | D:10     | Killed a deep elf pyromancer
 14639 | D:10     | 14639 ||| INVOKING Berserk.
 14672 | D:10     | HP: 20/99 [centaur/arrow (6)]
 14673 | D:10     | 14673 ||| READING 6 scrolls of teleportation.
 14674 | D:10     | 14674 ||| DRINKING potion of heal wounds.
 14977 | D:10     | 14977 ||| READING scroll of enchant armour.
 14977 | D:10     | 14977 ||| ENCHANTING +0 pair of gloves.
 15055 | D:10     | 15055 ||| UPGRADING to +0 plate armour.
 15065 | D:10     | 15065 ||| DROPPING +0 chain mail.
 15066 | D:10     | 15066 ||| UPGRADING to +0 pair of boots.
 15071 | D:10     | 15071 ||| UPGRADING to ring of Fail {*Slow MP+9 Str+2
                  | Int+7}.
 15073 | D:10     | 15073 ||| READING 5 scrolls of identify.
 15073 | D:10     | 15073 ||| IDENTIFYING metallic coppery potion
 15074 | D:10     | 15074 ||| READING 4 scrolls of identify.
 15074 | D:10     | 15074 ||| IDENTIFYING bubbling sapphire potion
 15075 | D:10     | 15075 ||| DROPPING potion of berserk rage.
 15191 | D:11     | Found a staircase to the Lair.
 15252 | D:11     | Noticed a cyan ugly thing
 15262 | D:11     | Killed a cyan ugly thing
 15291 | D:11     | 15291 ||| Stepping ~*~*~tactically~*~*~ (hiding).
 15294 | D:11     | 15294 ||| Stepping ~*~*~tactically~*~*~ (hiding).
 15381 | D:11     | Reached skill level 9 in Armour
 15419 | D:11     | Found a shadowy altar of Dithmenos.
 15720 | D:11     | 15720 ||| Stepping ~*~*~tactically~*~*~ (hiding).
 15725 | D:11     | 15725 ||| INVOKING Berserk.
 15734 | D:11     | Found a staircase to the Orcish Mines.
 15889 | D:11     | 15889 ||| SWAPPING to +2 war axe of electrocution.
 15890 | D:11     | 15890 ||| DROPPING +0 war axe of draining.
 16068 | D:11     | 16068 ||| READING scroll labelled INIUSI DOMEO.
 16068 | D:11     | Identified a scroll of acquirement
 16068 | D:11     | 16068 ||| ACQUIRING +8 plate armour of Terror {Harm rPois
                  | Str-2 Int+6}
 16068 | D:11     | Acquired the +8 plate armour of Terror {Harm rPois Str-2
                  | Int+6}
 16070 | D:11     | 16070 ||| UPGRADING to +8 plate armour of Terror {Harm
                  | rPois Str-2 Int+6}.
 16080 | D:11     | 16080 ||| REMOVING ring of Fail {*Slow MP+9 Str+2 Int+7}.
 16081 | D:11     | 16081 ||| UPGRADING to ring of resist corrosion.
 16082 | D:11     | 16082 ||| DROPPING ring of Fail {*Slow MP+9 Str+2 Int+7}.
 16083 | D:11     | 16083 ||| READING 3 scrolls labelled ICIANT DOZIVAO.
 16084 | D:11     | 16084 ||| READING scroll labelled MOUBBO OBECH.
 16185 | D:11     | 16185 ||| DROPPING 2 scrolls of immolation.
 16248 | D:10     | Found a stormy altar of Qazlal.
 16256 | D:10     | 16256 ||| PLANNING LAIR
 16307 | Lair:1   | Entered Level 1 of the Lair of Beasts
 16323 | Lair:1   | Noticed a six-headed hydra
 16324 | Lair:1   | 16324 ||| INVOKING Brothers in Arms.
 16326 | Lair:1   | 16326 ||| SWAPPING to +0 morningstar.
 16327 | Lair:1   | 16327 ||| INVOKING Berserk.
 16330 | Lair:1   | Killed a six-headed hydra
 16331 | Lair:1   | Noticed a death yak
 16335 | Lair:1   | 16335 ||| SWAPPING to +2 war axe of electrocution.
 16335 | Lair:1   | Killed a death yak
 16337 | Lair:1   | Noticed a death yak
 16338 | Lair:1   | Noticed a death yak
 16340 | Lair:1   | Killed a death yak
 16341 | Lair:1   | Reached XP level 12. HP: 91/110 MP: 11/11
 16341 | Lair:1   | 16341 ||| INVOKING Brothers in Arms.
 16343 | Lair:1   | Killed a death yak
 16601 | Lair:1   | 16601 ||| Stepping ~*~*~tactically~*~*~ (stealth).
 16602 | Lair:1   | 16602 ||| Stepping ~*~*~tactically~*~*~ (stealth).
 16603 | Lair:1   | 16603 ||| Stepping ~*~*~tactically~*~*~ (stealth).
 16605 | Lair:1   | Reached skill level 12 in Fighting
 16708 | Lair:1   | Found a dark tunnel.
 16762 | Lair:1   | 16762 ||| INVOKING Berserk.
 16774 | Lair:1   | 16774 ||| INVOKING Brothers in Arms.
 17208 | Lair:2   | 17208 ||| INVOKING Berserk.
 17227 | Lair:2   | 17227 ||| FLEEEEING.
 17228 | Lair:2   | 17228 ||| STAIRDANCE
 17339 | Lair:2   | 17339 ||| INVOKING Berserk.
 17346 | Lair:2   | 17346 ||| FLEEEEING.
 17347 | Lair:2   | 17347 ||| FLEEEEING.
 17348 | Lair:2   | 17348 ||| FLEEEEING.
 17349 | Lair:2   | 17349 ||| FLEEEEING.
 17350 | Lair:2   | 17350 ||| STAIRDANCE
 17387 | Lair:2   | 17387 ||| FLEEEEING.
 17388 | Lair:2   | 17388 ||| FLEEEEING.
 17389 | Lair:2   | 17389 ||| STAIRDANCE
 17444 | Lair:2   | 17444 ||| INVOKING Brothers in Arms.
 17456 | Lair:2   | 17456 ||| INVOKING Berserk.
 17472 | Lair:2   | 17472 ||| DRINKING 9 potions of curing.
 17472 | Lair:2   | 17472 ||| (to cure confusion)
 17473 | Lair:2   | 17473 ||| INVOKING Brothers in Arms.
 17474 | Lair:2   | 17474 ||| INVOKING Brothers in Arms.
 17475 | Lair:2   | 17475 ||| INVOKING Brothers in Arms.
 17476 | Lair:2   | 17476 ||| INVOKING Brothers in Arms.
 17477 | Lair:2   | 17477 ||| INVOKING Brothers in Arms.
 17478 | Lair:2   | HP: 23/112 [lava snake/glob of lava (8)]
 17479 | Lair:2   | 17479 ||| READING 8 scrolls of teleportation.
 17483 | Lair:2   | 17483 ||| READING 7 scrolls of teleportation.
 17487 | Lair:2   | 17487 ||| FLEEEEING.
 17488 | Lair:2   | 17488 ||| FLEEEEING.
 17489 | Lair:2   | Noticed Maggie
 17490 | Lair:2   | 17490 ||| READING 6 scrolls of teleportation.
 17491 | Lair:2   | Killed Maggie
 17493 | Lair:2   | Noticed an eight-headed hydra
 17494 | Lair:2   | 17494 ||| INVOKING Brothers in Arms.
 17494 | Lair:2   | HP: 26/113 [blink frog (4)]
 17495 | Lair:2   | 17495 ||| READING 5 scrolls of teleportation.
 17496 | Lair:2   | 17496 ||| SWAPPING to +0 morningstar.
 17499 | Lair:2   | 17499 ||| SWAPPING to +2 war axe of electrocution.
 17750 | Lair:2   | 17750 ||| INVOKING Berserk.
 17861 | Lair:2   | Noticed a seven-headed hydra
 17862 | Lair:2   | 17862 ||| INVOKING Brothers in Arms.
 17863 | Lair:2   | 17863 ||| Stepping ~*~*~tactically~*~*~ (stealth).
 17865 | Lair:2   | 17865 ||| INVOKING Brothers in Arms.
 17866 | Lair:2   | 17866 ||| INVOKING Brothers in Arms.
 17867 | Lair:2   | 17867 ||| INVOKING Brothers in Arms.
 17868 | Lair:2   | 17868 ||| INVOKING Brothers in Arms.
 17869 | Lair:2   | 17869 ||| SWAPPING to +0 morningstar.
 17870 | Lair:2   | 17870 ||| INVOKING Berserk.
 17872 | Lair:2   | Killed a seven-headed hydra
 17993 | Lair:2   | 17993 ||| SWAPPING to +2 war axe of electrocution.
 18012 | Lair:2   | Reached skill level 12 in Armour
 18050 | Lair:2   | Noticed an eight-headed hydra
 18051 | Lair:2   | 18051 ||| INVOKING Brothers in Arms.
 18052 | Lair:2   | 18052 ||| INVOKING Brothers in Arms.
 18053 | Lair:2   | 18053 ||| INVOKING Brothers in Arms.
 18054 | Lair:2   | 18054 ||| INVOKING Brothers in Arms.
 18055 | Lair:2   | 18055 ||| INVOKING Brothers in Arms.
 18056 | Lair:2   | 18056 ||| INVOKING Brothers in Arms.
 18057 | Lair:2   | 18057 ||| SWAPPING to +0 morningstar.
 18058 | Lair:2   | 18058 ||| INVOKING Berserk.
 18064 | Lair:2   | Killed an eight-headed hydra
 18146 | Lair:2   | 18146 ||| SWAPPING to +2 war axe of electrocution.
 18155 | Lair:2   | 18155 ||| INVOKING Berserk.
 18296 | Lair:2   | 18296 ||| Stepping ~*~*~tactically~*~*~ (stealth).
 18333 | Lair:2   | Noticed an eight-headed hydra
 18337 | Lair:2   | 18337 ||| Stepping ~*~*~tactically~*~*~ (stealth).
 18338 | Lair:2   | 18338 ||| Stepping ~*~*~tactically~*~*~ (stealth).
 18339 | Lair:2   | 18339 ||| SWAPPING to +0 morningstar.
 18340 | Lair:2   | 18340 ||| INVOKING Berserk.
 18344 | Lair:2   | Killed an eight-headed hydra
 18345 | Lair:2   | Reached skill level 9 in Shields
 18363 | Lair:2   | 18363 ||| SWAPPING to +2 war axe of electrocution.
 18376 | Lair:2   | 18376 ||| Stepping ~*~*~tactically~*~*~ (stealth).
 18408 | Lair:2   | 18408 ||| INVOKING Berserk.
 18539 | Lair:2   | 18539 ||| INVOKING Berserk.
 18740 | Lair:2   | Noticed a five-headed hydra
 18743 | Lair:2   | 18743 ||| SWAPPING to +0 morningstar.
 18744 | Lair:2   | 18744 ||| INVOKING Berserk.
 18751 | Lair:2   | Killed a five-headed hydra
 18777 | Lair:2   | 18777 ||| SWAPPING to +2 war axe of electrocution.
 18924 | Lair:2   | Identified the ring "Tyatem" {Fly rN+ Stlth+}
 18926 | Lair:2   | Identified the +5 morningstar of Lecoc {vamp, +Blink rElec
                  | rF+ Dex+2}
 18928 | Lair:2   | 18928 ||| DROPPING +0 morningstar.
 18989 | Lair:2   | 18989 ||| Stepping ~*~*~tactically~*~*~ (hiding).
 19109 | Lair:2   | 19109 ||| SWAPPING to +5 morningstar of Lecoc {vamp, +Blink
                  | rElec rF+ Dex+2}.
 19110 | Lair:2   | 19110 ||| INVOKING Berserk.
 19111 | Lair:2   | Killed an eight-headed hydra
 19112 | Lair:2   | Reached XP level 13. HP: 123/123 MP: 12/12
 19116 | Lair:2   | 19116 ||| SWAPPING to +2 war axe of electrocution.
 19125 | Lair:2   | 19125 ||| Stepping ~*~*~tactically~*~*~ (hiding).
 19126 | Lair:2   | 19126 ||| Stepping ~*~*~tactically~*~*~ (hiding).
 19258 | Lair:2   | 19258 ||| DRINKING 10 potions of curing.
 19258 | Lair:2   | 19258 ||| (to cure confusion)
 19263 | Lair:2   | 19263 ||| DRINKING 9 potions of curing.
 19263 | Lair:2   | 19263 ||| (to cure confusion)
 19269 | Lair:2   | 19269 ||| INVOKING Berserk.
 19283 | Lair:2   | 19283 ||| DRINKING 8 potions of curing.
 19283 | Lair:2   | 19283 ||| (to cure confusion)
 19289 | Lair:2   | 19289 ||| DRINKING 7 potions of curing.
 19289 | Lair:2   | 19289 ||| (to cure confusion)
 19291 | Lair:2   | 19291 ||| FLEEEEING.
 19292 | Lair:2   | 19292 ||| FLEEEEING.
 19293 | Lair:2   | 19293 ||| DRINKING 6 potions of curing.
 19293 | Lair:2   | 19293 ||| (to cure confusion)
 19294 | Lair:2   | 19294 ||| DRINKING 5 potions of curing.
 19294 | Lair:2   | 19294 ||| (to cure confusion)
 19343 | Lair:2   | 19343 ||| DRINKING 4 potions of curing.
 19343 | Lair:2   | 19343 ||| (to cure confusion)
 19354 | Lair:2   | 19354 ||| DRINKING 3 potions of curing.
 19354 | Lair:2   | 19354 ||| (to cure confusion)
 19354 | Lair:2   | Lost intelligence.
 19362 | Lair:2   | 19362 ||| DRINKING 2 potions of curing.
 19362 | Lair:2   | 19362 ||| (to cure confusion)
 19368 | Lair:2   | 19368 ||| DRINKING potion of curing.
 19368 | Lair:2   | 19368 ||| (to cure confusion)
 19372 | Lair:2   | 19372 ||| FLEEEEING.
 19373 | Lair:2   | 19373 ||| FLEEEEING.
 19374 | Lair:2   | 19374 ||| INVOKING Berserk.
 19396 | Lair:2   | 19396 ||| FLEEEEING.
 19397 | Lair:2   | 19397 ||| FLEEEEING.
 19403 | Lair:2   | 19403 ||| FLEEEEING.
 19404 | Lair:2   | 19404 ||| FLEEEEING.
 19405 | Lair:2   | 19405 ||| FLEEEEING.
 19406 | Lair:2   | 19406 ||| FLEEEEING.
 19408 | Lair:2   | 19408 ||| STAIRDANCE
 19522 | Lair:1   | 19522 ||| DROPPING +0 pair of boots of stealth.
 19688 | Lair:2   | Found a staircase to the Shoals.
 19717 | Lair:2   | Found a hole to the Spider Nest.
 19915 | Lair:2   | 19915 ||| FLEEEEING.
 19916 | Lair:2   | 19916 ||| FLEEEEING.
 19917 | Lair:2   | 19917 ||| FLEEEEING.
 19918 | Lair:2   | 19918 ||| FLEEEEING.
 19919 | Lair:2   | 19919 ||| FLEEEEING.
 19920 | Lair:2   | 19920 ||| FLEEEEING.
 19921 | Lair:2   | 19921 ||| FLEEEEING.
 19922 | Lair:2   | 19922 ||| FLEEEEING.
 19923 | Lair:2   | 19923 ||| FLEEEEING.
 19924 | Lair:2   | 19924 ||| FLEEEEING.
 19925 | Lair:2   | 19925 ||| FLEEEEING.
 19926 | Lair:2   | 19926 ||| FLEEEEING.
 19927 | Lair:2   | 19927 ||| FLEEEEING.
 19928 | Lair:2   | 19928 ||| FLEEEEING.
 19929 | Lair:2   | 19929 ||| FLEEEEING.
 19930 | Lair:2   | 19930 ||| FLEEEEING.
 19931 | Lair:2   | 19931 ||| FLEEEEING.
 19932 | Lair:2   | 19932 ||| FLEEEEING.
 19933 | Lair:2   | 19933 ||| FLEEEEING.
 19934 | Lair:2   | 19934 ||| FLEEEEING.
 19935 | Lair:2   | 19935 ||| FLEEEEING.
 19936 | Lair:2   | 19936 ||| FLEEEEING.
 19937 | Lair:2   | 19937 ||| FLEEEEING.
 19938 | Lair:2   | 19938 ||| FLEEEEING.
 19939 | Lair:2   | 19939 ||| FLEEEEING.
 19940 | Lair:2   | 19940 ||| FLEEEEING.
 19995 | Lair:2   | 19995 ||| FLEEEEING.
 19996 | Lair:2   | 19996 ||| FLEEEEING.
 19997 | Lair:2   | 19997 ||| FLEEEEING.
 19998 | Lair:2   | 19998 ||| FLEEEEING.
 20012 | Lair:2   | 20012 ||| INVOKING Berserk.
 20036 | Lair:2   | HP: 31/124 [dream sheep[an orange crystal statue] (7)]
 20037 | Lair:2   | 20037 ||| DRINKING potion of heal wounds.
 20040 | Lair:2   | 20040 ||| FLEEEEING.
 20126 | Lair:2   | 20126 ||| INVOKING Berserk.
 20141 | Lair:2   | 20141 ||| FLEEEEING.
 20142 | Lair:2   | 20142 ||| FLEEEEING.
 20143 | Lair:2   | 20143 ||| FLEEEEING.
 20158 | Lair:2   | 20158 ||| INVOKING Berserk.
 20166 | Lair:2   | 20166 ||| FLEEEEING.
 20169 | Lair:2   | 20169 ||| FLEEEEING.
 20170 | Lair:2   | 20170 ||| FLEEEEING.
 20171 | Lair:2   | 20171 ||| FLEEEEING.
 20172 | Lair:2   | 20172 ||| FLEEEEING.
 20173 | Lair:2   | 20173 ||| FLEEEEING.
 20174 | Lair:2   | 20174 ||| FLEEEEING.
 20175 | Lair:2   | 20175 ||| FLEEEEING.
 20176 | Lair:2   | 20176 ||| FLEEEEING.
 20178 | Lair:2   | 20178 ||| STAIRDANCE
 20271 | Lair:2   | 20271 ||| INVOKING Berserk.
 20325 | Lair:2   | 20325 ||| INVOKING Berserk.
 20341 | Lair:2   | 20341 ||| FLEEEEING.
 20342 | Lair:2   | 20342 ||| FLEEEEING.
 20343 | Lair:2   | 20343 ||| FLEEEEING.
 20344 | Lair:2   | 20344 ||| STAIRDANCE
 20476 | Lair:2   | 20476 ||| INVOKING Berserk.
 20502 | Lair:2   | 20502 ||| FLEEEEING.
 20504 | Lair:2   | 20504 ||| FLEEEEING.
 20520 | Lair:2   | 20520 ||| INVOKING Berserk.
 20566 | Lair:2   | 20566 ||| FLEEEEING.
 20567 | Lair:2   | 20567 ||| FLEEEEING.
 20568 | Lair:2   | 20568 ||| FLEEEEING.
 20569 | Lair:2   | 20569 ||| FLEEEEING.
 20572 | Lair:2   | 20572 ||| INVOKING Berserk.
 20609 | Lair:2   | 20609 ||| INVOKING Berserk.
 20658 | Lair:2   | 20658 ||| SWAPPING to +5 morningstar of Lecoc {vamp, +Blink
                  | rElec rF+ Dex+2}.
 20659 | Lair:2   | 20659 ||| INVOKING Berserk.
 20667 | Lair:2   | HP: 44/186 [seven-headed hydra[an orange crystal statue]
                  | (12)]
 20700 | Lair:2   | 20700 ||| FLEEEEING.
 20701 | Lair:2   | 20701 ||| FLEEEEING.
 20702 | Lair:2   | 20702 ||| FLEEEEING.
 20703 | Lair:2   | 20703 ||| FLEEEEING.
 20704 | Lair:2   | 20704 ||| FLEEEEING.
 20705 | Lair:2   | 20705 ||| SWAPPING to +2 war axe of electrocution.
 20708 | Lair:2   | 20708 ||| STAIRDANCE
 20912 | Lair:2   | 20912 ||| INVOKING Berserk.
 20939 | Lair:2   | 20939 ||| FLEEEEING.
 20940 | Lair:2   | 20940 ||| FLEEEEING.
 20941 | Lair:2   | 20941 ||| FLEEEEING.
 20942 | Lair:2   | 20942 ||| FLEEEEING.
 20943 | Lair:2   | 20943 ||| FLEEEEING.
 20944 | Lair:2   | 20944 ||| FLEEEEING.
 20945 | Lair:2   | 20945 ||| FLEEEEING.
 20946 | Lair:2   | 20946 ||| FLEEEEING.
 20978 | Lair:2   | 20978 ||| FLEEEEING.
 20979 | Lair:2   | 20979 ||| FLEEEEING.
 20980 | Lair:2   | 20980 ||| FLEEEEING.
 20981 | Lair:2   | 20981 ||| FLEEEEING.
 20984 | Lair:2   | 20984 ||| STAIRDANCE
 21044 | Lair:2   | 21044 ||| INVOKING Berserk.
 21220 | Lair:2   | 21220 ||| FLEEEEING.
 21221 | Lair:2   | 21221 ||| FLEEEEING.
 21222 | Lair:2   | 21222 ||| FLEEEEING.
 21224 | Lair:2   | 21224 ||| FLEEEEING.
 21225 | Lair:2   | 21225 ||| FLEEEEING.
 21269 | Lair:2   | 21269 ||| INVOKING Berserk.
 21289 | Lair:2   | 21289 ||| FLEEEEING.
 21361 | Lair:2   | 21361 ||| FLEEEEING.
 21362 | Lair:2   | 21362 ||| FLEEEEING.
 21363 | Lair:2   | 21363 ||| FLEEEEING.
 21433 | Lair:2   | 21433 ||| FLEEEEING.
 21434 | Lair:2   | 21434 ||| FLEEEEING.
 21435 | Lair:2   | 21435 ||| FLEEEEING.
 21436 | Lair:2   | 21436 ||| FLEEEEING.
 21437 | Lair:2   | 21437 ||| FLEEEEING.
 21438 | Lair:2   | 21438 ||| FLEEEEING.
 21439 | Lair:2   | 21439 ||| FLEEEEING.
 21440 | Lair:2   | 21440 ||| FLEEEEING.
 21442 | Lair:2   | 21442 ||| STAIRDANCE
 21609 | Lair:2   | 21609 ||| FLEEEEING.
 21610 | Lair:2   | 21610 ||| FLEEEEING.
 21611 | Lair:2   | 21611 ||| FLEEEEING.
 21612 | Lair:2   | 21612 ||| FLEEEEING.
 21613 | Lair:2   | 21613 ||| FLEEEEING.
 21615 | Lair:2   | 21615 ||| STAIRDANCE
 21758 | Lair:2   | 21758 ||| INVOKING Berserk.
 21766 | Lair:2   | 21766 ||| FLEEEEING.
 21802 | Lair:2   | 21802 ||| SWAPPING to +5 morningstar of Lecoc {vamp, +Blink
                  | rElec rF+ Dex+2}.
 21812 | Lair:2   | HP: 30/124 [four-headed hydra[an orange crystal statue]
                  | (8)]
 21813 | Lair:2   | HP: 13/124 [four-headed hydra[an orange crystal statue]
                  | (14)]
 21813 | Lair:2   | HP: 6/124 [four-headed hydra[an orange crystal statue] (7)]
 21816 | Lair:2   | 21816 ||| SWAPPING to +2 war axe of electrocution.
 21818 | Lair:2   | 21818 ||| INVOKING Berserk.
 21818 | Lair:2   | HP: 12/186 [wyvern[an orange crystal statue] (1)]
 21824 | Lair:2   | HP: 10/186 [yak[an orange crystal statue] (4)]
 21829 | Lair:2   | Slain by a yak

Levels and vault maps discovered:
D:1:      matt_arrival_spirals, layout_basic, serial_forest,
          infiniplex_forest_lined_3, infiniplex_forest_corner_1,
          infiniplex_forest_lined_3_way, infiniplex_forest_clump_small,
          infiniplex_forest_straight_1, st_stairs_4
D:2:      layout_loops_ring
D:3:      kennysheep_the_goblin_king, layout_basic, serial_glass,
          glass_columns_b, glass_columns_c, gup_sewer_entry_bubbles
D:4:      layout_loops_ring, chequers_avenue, nicolae_elemental_shop,
          st_stairs_9, serial_bayou_pond_d, uniq_ijyb, uniq_blork_the_orc
D:5:      layout_loops_corners, kennysheep_little_box
D:6:      layout_basic, serial_bayou_pond_e, uniq_grinder
D:7:      layout_basic, minmay_temple_entry_grid, enter_bailey_5,
          nicolae_water_bricks, serial_bayou_pond_d
D:8:      lemuel_ratsnest, layout_loops_cross, mainiacjoe_overflow_alcove_4,
          lemuel_tele_altar
D:9:      layout_gridville, serial_shops, shop, kennysheep_cross_room,
          uniq_erolcha
D:10:     nicolae_cairo_tiling_large, layout_irregular_city,
          mainiacjoe_overflow_six_doors_small, nicolae_overflow_hidden_temple,
          minmay_microvault
D:11:     layout_loops_ring, david_lair_generic, david_orc_5,
          nicolae_dithmenos_the_darkroom
Lair:1:   layout_gridlike, nicolae_volcano_entry_lava_flow
Lair:2:   nzn_winding_woodlands_cross [nzn_winding_woodlands_5x15_eye,
          nzn_winding_woodlands_5x15_pool, nzn_winding_woodlands_5x15_sawtooth,
          nzn_winding_woodlands_5x15_zeroes,
          nzn_winding_woodlands_15x15_thick_spiral], layout_regular_city,
          minmay_shoals_entry_lonely_mermaid,
          hellmonk_spider_entry_life_and_decay, disabler_island, uniq_maggie

Skill      XL: |  1  2  3  4  5  6  7  8  9 10 11 12 13 |
---------------+----------------------------------------+-----
Axes           | 4 5 7 8 9 10 12 14 15 16 | 16.0
Fighting       | 4 6 8 9 11 13 14 | 14.0
Armour         | 3 4 5 6 10 12 | 12.3
Shields        | 4 5 7 9 |  9.4
Throwing       | 1 3 |  3.6
Dodging        | 3 4 5 |  5.8

Action                   |  1- 3 |  4- 6 |  7- 9 | 10-12 | 13-15 || total
-------------------------+-------+-------+-------+-------+-------++-------
Melee: Hand axe          |    82 |   109 |       |       |       ||   191
       Headbutt          |     6 |    14 |    42 |    67 |    42 ||   171
       War axe           |       |    31 |   252 |   405 |   301 ||   989
       Punch             |       |     1 |     1 |       |       ||     2
       Morningstar       |       |       |       |    28 |    14 ||    42
Throw: Boomerang         |     2 |       |     3 |    94 |    21 ||   120
Invok: Berserk           |     1 |     3 |    10 |    24 |    17 ||    55
       Trog's Hand       |       |       |     1 |     1 |       ||     2
       Brothers in Arms  |       |       |       |     8 |       ||     8
  Use: Scroll            |     6 |     3 |     9 |    13 |       ||    31
       Potion            |     1 |       |     1 |     2 |    11 ||    15
Armor: Animal skin       |     6 |       |       |       |       ||     6
       Leather armour    |     5 |    19 |       |       |       ||    24
       Scale mail        |       |    17 |     5 |       |       ||    22
       Chain mail        |       |       |    74 |    44 |       ||   118
       Plate armour      |       |       |       |   105 |   285 ||   390
Dodge: Dodged            |    43 |    53 |   123 |   185 |   268 ||   672
Block: Buckler           |       |       |    31 |   132 |    99 ||   262

Table legend:
 A = Non-vault XP
 B = Vault XP
 C = Vault XP percentage of total XP
 D = Non-vault monster count
 E = Vault monster count
 F = Vault count percentage of total count
                 A         B        C        D         E       F
            +---------+---------+-------+---------+---------+-------
      Total |   29924 |   11367 |  27.5 |     260 |     142 |  35.3
            +---------+---------+-------+---------+---------+-------
        D:1 |      33 |       3 |   8.3 |      19 |       2 |   9.5
        D:2 |      45 |       0 |   0.0 |      12 |       0 |   0.0
        D:3 |       7 |      67 |  90.5 |       4 |      12 |  75.0
        D:4 |     501 |      99 |  16.5 |      25 |       3 |  10.7
        D:5 |     777 |       0 |   0.0 |      23 |       0 |   0.0
        D:6 |    1935 |     267 |  12.1 |      41 |       1 |   2.4
        D:7 |    1007 |       8 |   0.8 |      29 |       4 |  12.1
        D:8 |    2126 |     296 |  12.2 |      20 |      32 |  61.5
        D:9 |    2336 |     861 |  26.9 |      12 |       1 |   7.7
       D:10 |    4301 |     836 |  16.3 |      19 |       1 |   5.0
       D:11 |    2229 |    1669 |  42.8 |       9 |      25 |  73.5
     Lair:1 |    6650 |       0 |   0.0 |      19 |       0 |   0.0
     Lair:2 |    7977 |    7105 |  47.1 |      28 |      23 |  45.1
      Sewer |       0 |     156 | 100.0 |       0 |      38 | 100.0
            +---------+---------+-------+---------+---------+-------
